AoeStats
← Carple

Four Lakes

503720008Analyzed
4v4 RM · 1mo ago on Sep 2, 2026· 53m 44s· 8 players
Game mode
Random Map
Map size
Large (8 player)
Population
200
Speed
Normal
Resources
Standard
Victory
Conquest
Starting age
Dark Age
Ending age
Imperial Age
RankedLock teamsTeams togetherTeam positionsShared explorationLock speedFull tech treeHidden civsTurbo modeCheats
Victory
Defeat
🇹🇼 Bohemians · Taiwan
1055
+13
🇬🇧 Spanish · United Kingdom
1039
+13
🇦🇷 Maya · Argentina
1024
+14
🇹🇷 Celts · Türkiye
910
+19
🇨🇦 Japanese · Canada
1025
-17
🇺🇸 Britons · United States
986
-15
🇺🇸 Tatars · United States
954
-14
🇨🇦 Byzantines · Canada
950
-13
DigitalSixteen
7:59 Loom
10:01 Feudal Age
11:11 Double-Bit Axe
15:41 Fletching
15:56 Fishing Lines
19:14 Castle Age
18:47 Stone Mining
18:49 Gold Mining
18:59 Horse Collar
20:04 Wheelbarrow
19:51 Padded Archer Armor
19:36 Pikeman
22:04 Bodkin Arrow
22:26 Leather Archer Armor
25:32 Bow Saw
27:28 Gillnets
31:32 Heavy Plow
32:09 Gold Shaft Mining
34:09 Ballistics
34:00 Masonry
38:13 Hand Cart
37:44 Town Watch
40:30 Imperial Age
38:34 Hand Cart
40:53 Imperial Age
38:11 Town Watch
38:09 Treadmill Crane
39:28 Town Watch
39:35 Crossbowman
41:03 Arbalester
46:25 Yeomen
48:36 Two-Man Saw
49:23 Onager
49:45 Elite Longbowman
EmpireCity
0:29 Loom
10:00 Feudal Age
16:19 Castle Age
15:54 Horse Collar
16:18 Double-Bit Axe
21:51 Forging
23:22 Scale Barding Armor
25:15 Heavy Plow
28:10 Wheelbarrow
27:59 Scale Mail Armor
30:18 Hand Cart
30:07 Pikeman
31:29 Gold Mining
31:32 Stone Mining
31:45 Padded Archer Armor
31:35 Fletching
32:31 Elite Skirmisher
35:55 Imperial Age
33:53 Leather Archer Armor
37:49 Heavy Camel Rider
39:01 Chain Barding Armor
39:17 Iron Casting
41:12 Gold Shaft Mining
41:17 Plate Barding Armor
43:41 Bow Saw
46:25 Bodkin Arrow
47:00 Ring Archer Armor
50:11 Onager
DogMarley15
5:54 Loom
14:15 Feudal Age
17:16 Double-Bit Axe
18:06 Fishing Lines
18:57 Stone Mining
19:00 Gold Mining
18:59 Fishing Lines
23:07 Castle Age
21:23 Forging
21:19 Scale Barding Armor
21:15 Padded Archer Armor
22:10 Horse Collar
23:04 Fletching
25:54 Husbandry
25:15 Light Cavalry
27:03 Bloodlines
27:01 Elite Skirmisher
29:29 Bodkin Arrow
29:37 Town Watch
33:30 Town Watch
34:53 Leather Archer Armor
35:36 Wheelbarrow
36:16 Iron Casting
37:32 Chain Barding Armor
42:02 Imperial Age
40:18 Hand Cart
40:37 Bow Saw
41:06 Gold Shaft Mining
40:42 Heavy Plow
40:43 Treadmill Crane
41:40 Ballistics
41:27 Murder Holes
42:48 Town Patrol
43:11 Conscription
43:25 Ring Archer Armor
44:31 Bracer
46:12 Squires
47:47 Plate Barding Armor
48:13 Blast Furnace
48:23 Chemistry
47:30 Hussar
48:58 Crop Rotation
49:32 Silk Armor
51:41 Bombard Tower
51:28 Siege Engineers
Carple
5:06 Loom
11:26 Feudal Age
13:34 Double-Bit Axe
15:14 Horse Collar
17:40 Castle Age
16:42 Stone Mining
17:08 Gold Mining
17:54 Fishing Lines
19:25 Bow Saw
19:20 Heavy Plow
20:29 Fletching
22:33 Wheelbarrow
24:39 Scale Mail Armor
24:50 Forging
25:01 Squires
25:58 Chain Mail Armor
31:15 Arson
36:26 Gambesons
38:03 Iron Casting
45:59 Imperial Age
43:53 Town Watch
44:19 Bodkin Arrow
44:25 Padded Archer Armor
44:25 Elite Skirmisher
47:08 Conscription
HackThor
12:24 Feudal Age
16:06 Castle Age
14:29 Loom
14:32 Double-Bit Axe
14:29 Horse Collar
14:55 Fishing Lines
18:57 Bow Saw
19:10 Gillnets
20:17 Heavy Plow
23:10 Padded Archer Armor
24:49 Leather Archer Armor
29:45 Imperial Age
27:28 Gold Mining
27:28 Stone Mining
29:07 Husbandry
31:53 Wheelbarrow
31:03 Town Watch
31:25 Scale Barding Armor
31:52 Ring Archer Armor
32:54 Conscription
33:48 Elite Conquistador
34:43 Bloodlines
34:46 Fletching
35:16 Chain Barding Armor
35:57 Bodkin Arrow
36:13 Forging
37:38 Plate Barding Armor
36:41 Light Cavalry
38:29 Iron Casting
37:17 Hussar
38:45 Hand Cart
38:30 Town Patrol
42:33 Blast Furnace
47:16 Two-Man Saw
46:21 Bracer
46:22 Scale Mail Armor
47:02 Stone Shaft Mining
49:40 Medium Warships
48:50 Demolition Ship
50:36 Careening
50:37 Clinker Construction
50:33 Siphons
51:40 Dry Dock
51:42 Shipwright
51:54 Heavy Warships
52:49 Town Patrol
53:16 Carvel Hull
CyclicGnat62091
0:37 Loom
10:30 Feudal Age
20:29 Castle Age
19:28 Padded Archer Armor
19:19 Fletching
19:47 Fishing Lines
21:47 Crossbowman
22:24 Double-Bit Axe
23:30 Wheelbarrow
23:02 Town Watch
25:03 Bow Saw
25:07 Gillnets
26:27 Bodkin Arrow
27:24 Thumb Ring
29:02 Leather Archer Armor
29:07 Hand Cart
29:37 Forging
32:43 Iron Casting
32:14 Town Patrol
32:27 Pikeman
36:34 Squires
36:19 Arson
35:56 Eagle Warrior
42:08 Imperial Age
40:17 Scale Mail Armor
40:52 Elite Skirmisher
42:50 Elite Eagle Warrior
45:39 Blast Furnace
47:04 Elite Plumed Archer
50:09 Chain Mail Armor
52:01 Hoardings
53:01 Two-Man Saw
52:33 Gold Mining
54:38 Ring Archer Armor
54:14 Bracer
波吉大帝國
11:27 Feudal Age
12:41 Loom
13:13 Loom
14:15 Horse Collar
14:50 Double-Bit Axe
17:43 Castle Age
15:50 Fishing Lines
19:23 Wheelbarrow
19:51 Bow Saw
20:02 Husbandry
20:57 Gillnets
22:04 Scale Barding Armor
30:09 Fervor
30:30 Heavy Plow
35:31 Fortified Wall
35:19 Murder Holes
36:25 Chemistry
38:49 Wagenburg Tactics
43:43 Imperial Age
41:29 Hand Cart
40:59 Town Watch
44:27 Town Patrol
43:51 Elite Hussite Wagon
44:52 Conscription
44:15 Treadmill Crane
parla
11:49 Feudal Age
17:30 Castle Age
15:02 Man-at-Arms
21:38 Pikeman
22:12 Loom
22:51 Double-Bit Axe
28:21 Gold Mining
28:44 Bow Saw
34:12 Man-at-Arms
34:38 Gambesons
37:44 Murder Holes
42:25 Imperial Age
41:57 Wheelbarrow
41:08 Town Watch
42:44 Heavy Scorpion
43:11 Long Swordsman
43:37 Arson
46:05 Halberdier
50:05 Hand Cart
49:51 Town Patrol
52:08 Conscription
53:14 Horse Collar
54:07 Stronghold
Connection lost

Rejoining the realm…

Still unreachable

The connection could not be restored.

Session expired

The server has moved on; the page needs a fresh start.